 Dungeon Crawl Stone Soup version 0.30-a0-711-gf4ac18a38d (webtiles) character file.

Game seed: 4964467935351498111

224 octoduck the Cudgeller (level 6, -5/55 HPs)
             Began as a Gargoyle Fighter on Jan 22, 2023.
             Was an Initiate of Fedhas.
             Slain by an ogre
             ... wielding a +0 giant club
              (12 damage)
             ... on level 4 of the Dungeon.
             The game lasted 00:07:36 (3341 turns).

octoduck the Cudgeller (Gargoyle Fighter)           Turns: 3341, Time: 00:07:37

Health: -5/55      AC: 23    Str: 21    XL:     6   Next: 0%
Magic:  15/15      EV:  2    Int:  9    God:    Fedhas [......]
Gold:   167        SH:  4    Dex:  9    Spells: 5/5 levels left

rFire   . . .      SeeInvis .    a - +1 flail (vamp)
rCold   . . .      Faith    +    c - +0 buckler
rNeg    + . .      Spirit   .    (body armour currently unavailable)
rPois   ∞          Reflect  .    (helmet currently unavailable)
rElec   .          Harm     .    (cloak currently unavailable)
rCorr   .          Rampage  .    (gloves currently unavailable)
Will    .....      NoTele   +    (boots currently unavailable)
Stlth   +                        l - amulet of faith
HPRegen 0.29/turn                j - ring of magical power
MPRegen 0.14/turn                n - ring of wizardry

@: tree-form, studying Invocations
A: stationary, stasis, torment immunity, boosted hp, sickness immunity, AC +4,
negative energy resistance 1, (electricity resistance), torment resistance 1,
petrification resistance
a: Renounce Religion


You were on level 4 of the Dungeon.
You worshipped Fedhas.
Fedhas was noncommittal.
You were a tree.
You visited 1 branch of the dungeon, and saw 4 of its levels.

You collected 167 gold pieces.

Inventory:

Hand Weapons
 a - a +1 vampiric flail (weapon)
 k - a +0 short sword of speed
Armour
 b - a +0 scale mail (melded)
 c - a +0 buckler (worn)
Magical Staves
 o - a staff of earth
Jewellery
 j - a ring of magical power (left branch)
 l - an amulet of faith (around neck)
 m - a ring of ice
 n - a ring of wizardry (right branch)
Scrolls
 e - 2 scrolls of teleportation
 h - 2 scrolls of poison
 p - a scroll of brand weapon
 u - a scroll of magic mapping
Potions
 d - a potion of attraction
 f - a potion of curing
 g - a potion of brilliance
 i - 3 potions of berserk rage


   Skills:
 - Level 3.2 Fighting
 + Level 6.0 Maces & Flails
 - Level 3.2 Armour
 - Level 3.2 Shields


You had 5 spell levels left.
You didn't know any spells.
Your spell library contained the following spells:

 Spells                   Type           Power      Damage    Failure   Level
 Magic Dart               Conj           0%         1d3       21%         1
 Searing Ray              Conj           0%         2d4       32%         2
 Fulminant Prism          Conj/Hex       0%         3d5       88%         4


Dungeon Overview and Level Annotations

Branches:
Dungeon (4/15)
 Temple: D:4-7

Altars:
Fedhas

Shops:
D:1 (


Innate Abilities, Weirdness & Mutations

You are a tree.
Your roots penetrate the ground, keeping you stationary.
You cannot be teleported.
You are immune to unholy pain and torment.
Your maximum health is greatly increased.
Your equipment is partially melded.
You are immune to sickness and miasma.
((Your stone body is resilient. (AC +4)))
You are immune to poison.
You resist negative energy. (rN+)
((You are resistant to electric shocks. (rElec)))
You are resistant to unholy torment.
You are immune to petrification.


Message History

A goblin comes into view. It is wielding a +0 club.
The goblin shouts!
An ogre comes into view. It is wielding a +0 giant club.
The goblin unwields a +0 club.
The goblin wields a +0 sling.
The goblin shoots a sling bullet.
The sling bullet hits you but does no damage.
You hear an angry hiss.
The goblin shoots a sling bullet.
The sling bullet hits you but does no damage.
The goblin shoots a sling bullet.
The sling bullet hits you but does no damage.
You aren't carrying any items that you can evoke.
Unknown command.
Unknown command.
An adder comes into view.
The adder hisses angrily.
The ogre attacks as you move away! The ogre barely misses you.
You thump the ogre!
The ogre is moderately wounded.
The ogre hits you with a +0 giant club!
You hit the ogre but do no damage.
The ogre is moderately wounded.
The ogre closely misses you.
You hit the ogre.
You feel better.
The ogre is moderately wounded.
The ogre hits you with a +0 giant club!
You sock the ogre!
You feel better.
The ogre is severely wounded.
The ogre hits you with a +0 giant club!!
Ouch! That really hurt!
* * * LOW HITPOINT WARNING * * *
Really quaff the potion of lignification?
You turn into a tree.
Your +0 scale mail melds into your body.
Your roots penetrate the ground.
You hit the ogre.
You feel better.
The ogre is almost dead.
The ogre hits you with a +0 giant club!
You die...
Fedhas appreciates your contribution to the ecosystem.

...........†.#
##.###
.#####..####.#
#..... #..# #.<#
#..### #..# #.##
#..### #..# #.
#..... #.######..#
#. #.####
#.........# #.
#.####
###############.##
#. #.....
#.........SgO♣..# #.
#.####
.....###############
#. #.# ..#.. #.#
....# #. .#g# #. .
## .. #. #.


You could see an ogre, an adder and a goblin.

Vanquished Creatures
  A scorpion (D:4)
  Jessica (D:3)
  Terence (D:2)
  6 adders
  4 dart slugs
  2 endoplasms
  3 giant cockroaches
  3 goblins
  6 hobgoblins
  10 jackals
  3 quokkas (D:3)
  6 ball pythons
  3 bats
  2 frilled lizards
  2 kobolds (D:3)
  A rat (D:1)
54 creatures vanquished.

Notes
Turn   | Place    | Note
-------+----------+-------------------------------------------
     0 | D:1      | octoduck the Gargoyle Fighter began the quest for the Orb.
     0 | D:1      | Reached XP level 1. HP: 14/14 MP: 1/1
   217 | D:1      | Reached XP level 2. HP: 16/19 MP: 2/2
   228 | D:1      | Found Tewnu's Antique Weapon Shop.
   505 | D:1      | Reached skill level 3 in Maces & Flails
  1019 | D:2      | Noticed Terence
  1161 | D:2      | Reached XP level 3. HP: 21/23 MP: 3/3
  1168 | D:1      | Identified a scroll of acquirement
  1168 | D:1      | Acquired a manual of Invocations
  1368 | D:2      | Killed Terence
  1369 | D:2      | Reached skill level 4 in Maces & Flails
  1369 | D:2      | Reached XP level 4. HP: 17/28 MP: 4/4
  2252 | D:3      | Noticed Jessica
  2256 | D:3      | Killed Jessica
  2257 | D:3      | Reached skill level 5 in Maces & Flails
  2257 | D:3      | Reached XP level 5. HP: 32/32 MP: 5/5
  2846 | D:3      | Found a faded altar of an unknown god.
  3035 | D:4      | Reached skill level 6 in Maces & Flails
  3188 | D:4      | Found a blossoming altar of Fedhas.
  3193 | D:4      | Became a worshipper of Fedhas Madash
  3290 | D:4      | Reached XP level 6. HP: 37/37 MP: 6/6
  3341 | D:4      | Slain by an ogre

Illustrated notes

Levels and vault maps discovered:
D:1:      wander_arrival_estate, layout_loops_ring, serial_shops, shop
D:2:      layout_rooms, minmay_pentomino_x2, uniq_terence
D:3:      layout_basic, hellmonk_ecumenical_altar_prayer_group,
          grunt_ministairs_2, minmay_splitting_lines, minmay_door_square,
          minmay_misc_feat_columns, st_stairs_9,
          nicolae_kite_square_tiling_tiny, kennysheep_jessica_study
D:4:      layout_loops_ring, fedhas_altar_2, minmay_temple_entry_ruins

Skill      XL: |  1  2  3  4  5 |
---------------+----------------+-----
Maces & Flails | 3 4 5 6 |  6.0
Fighting       | |  3.2
Armour         | |  3.2
Shields        | |  3.2

Action                     |  1- 3 |  4- 6 || total
---------------------------+-------+-------++-------
  Melee: Flail             |   107 |   110 ||   217
    Use: Scroll            |     5 |     9 ||    14
         Potion            |     1 |     2 ||     3
   Stab: Invisible         |       |     1 ||     1
 Armour: Scale mail        |    77 |    66 ||   143
  Dodge: Dodged            |    62 |    53 ||   115
  Block: Buckler           |    23 |    16 ||    39

Table legend: (Time is in decaauts)
 A = Elapsed time spent in this place.
 B = Non-inter-level travel time spent in this place.
 C = Inter-level travel time spent in this place.
 D = Time resting spent in this place.
 E = Time spent auto-exploring this place.
 F = Levels seen in this place.
 G = Mean time per level.
                   A        B        C        D        E       F      G
               +--------+--------+--------+--------+--------+-----+--------+
         Total |   3394 |   3136 |    258 |    617 |   1817 |   4 |  848.5 |
       Dungeon |   3394 |   3136 |    258 |    617 |   1817 |   4 |  848.5 |
               +--------+--------+--------+--------+--------+-----+--------+

Top non-repeatable levels by time:
     D:1: 1085 daAuts
     D:3: 1059 daAuts
     D:2: 918 daAuts
     D:4: 331 daAuts
